 Dungeon Crawl Stone Soup version 0.20.1-1-g8b1a95d (webtiles) character file.

126 karf the Cudgeler (level 4, -3/41 HPs)
             Began as a Minotaur Fighter on Oct 27, 2017.
             Slain by Sigmund
             ... wielding a +3 scythe of venom
              (6 damage)
             ... on level 4 of the Dungeon.
             The game lasted 00:06:13 (2121 turns).

karf the Cudgeler (Minotaur Fighter)                Turns: 2121, Time: 00:06:18

Health: -3/41      AC:  6    Str: 25    XL:     4   Next: 83%
Magic:  3/3        EV:  8    Int:  5    God:
Gold:   180        SH: 10    Dex: 11    Spells: 3/3 levels left

rFire    . . .     SeeInvis .   a - +1 flail
rCold    . . .     Gourm    .   c - +0 shield
rNeg     . . .     Faith    .   p - +0 ring mail
rPois    .         Spirit   .   g - +1 hat
rElec    .         Reflect  .   (no cloak)
rCorr    .         Harm     .   (no gloves)
MR       .....                  (no boots)
Stlth    +.........             (no amulet)
Regen    0.2/turn               (no ring)
MPRegen  0.1/turn               (no ring)

@: mighty, lethally poisoned (-3 -> -13)
A: retaliatory headbutt, horns 2
a: no special abilities


You were on level 4 of the Dungeon.
You were not hungry.

You visited 1 branch of the dungeon, and saw 4 of its levels.

You collected 180 gold pieces.

Inventory:

Hand Weapons
 a - a +1 flail (weapon)
Armour
 b - a +0 scale mail
 c - a +0 shield (worn)
 g - a +1 hat (worn)
 p - a +0 ring mail (worn)
Scrolls
 e - a scroll of enchant weapon
 h - a scroll of identify
 q - a scroll of amnesia {unknown}
Potions
 d - 2 potions of might
 j - 2 potions of mutation
 n - a potion of resistance {unknown}
Comestibles
 f - 3 bread rations
 k - 3 meat rations


   Skills:
 + Level 4.3 Fighting
 * Level 4.8 Maces & Flails
 + Level 4.1 Armour
 + Level 4.2 Shields


You had 3 spell levels left.
You didn't know any spells.

Dungeon Overview and Level Annotations

Branches:
Dungeon (4/15)
 Temple: D:4-7

Altars:
Nemelex Xobeh
Ru
Uskayaw

Annotations:
D:4 Sigmund


Innate Abilities, Weirdness & Mutations

You reflexively headbutt those who attack you in melee.
You have a pair of horns on your head.


Message History

* * * LOW HITPOINT WARNING * * *
You are more poisoned.
It was a potion of curing.
You feel better. The orc hits you but does no damage.
Something hits you but does no damage.
An orc wizard comes into view. It is wielding a dagger.
Something hits you.
* * * LOW HITPOINT WARNING * * *
You are lethally poisoned!
Something hits you but does no damage.
The orc wizard gestures wildly while chanting.
The orc wizard blinks!
You see here a jackal corpse.
It was a potion of magic.
Magic courses through your body.
* * * LOW HITPOINT WARNING * * *
You feel sick.
The orc wizard shouts!
The orc wizard gestures wildly while chanting.
The orc wizard flickers and vanishes!
The orc hits you but does no damage. Something hits you but does no damage.
Something hits you.
You die...

#. #.##.# #..#.#
#..#.# #..#.# #...$.
#+#. ..####..######
.....
.............#..w...
..##.!...@o{.oo.{..
#...#########+#.
#.... ###.## .># ###


You could see a worm, an orc wizard and 2 orcs.

Vanquished Creatures
  4 adders
  3 worms
  2 dart slugs
  A leopard gecko (D:3)
  3 ball pythons
  3 giant cockroaches (D:1)
  7 goblins
  7 hobgoblins
  10 jackals
  11 kobolds
  3 quokkas
  8 bats
  8 frilled lizards
  3 rats
73 creatures vanquished.

Notes
Turn   | Place    | Note
-------+----------+-------------------------------------------
     0 | D:1      | karf the Minotaur Fighter began the quest for the Orb.
     0 | D:1      | Reached XP level 1. HP: 19/19 MP: 0/0
   142 | D:1      | Reached XP level 2. HP: 25/27 MP: 1/1
   461 | D:1      | Reached XP level 3. HP: 33/33 MP: 2/2
   848 | D:2      | Reached XP level 4. HP: 40/40 MP: 3/3
  1138 | D:3      | Found a sparkling altar of Nemelex Xobeh.
  1318 | D:3      | Found a hide-covered altar of Uskayaw.
  1318 | D:3      | Found a sacrificial altar of Ru.
  2105 | D:4      | Noticed Sigmund
  2121 | D:4      | Slain by Sigmund

Skill      XL: |  1  2  3  4 |
---------------+-------------+-----
Maces & Flails | 3 4 |  4.8
Fighting       | 4 |  4.3
Shields        | 4 |  4.2
Armour         | 4 |  4.1

Action                   |  1- 3 |  4- 6 || total
-------------------------+-------+-------++-------
Melee: Flail             |    93 |    90 ||   183
       Headbutt          |    14 |    12 ||    26
  Use: Scroll            |       |     5 ||     5
       Potion            |       |     5 ||     5
  Eat: Chunk             |       |     4 ||     4
Armor: Scale mail        |    51 |    10 ||    61
       Ring mail         |       |    31 ||    31
Dodge: Dodged            |    32 |    20 ||    52
Block: Shield            |    56 |    52 ||   108
